 Dungeon Crawl Stone Soup version 0.27-a0-380-g150de4c (webtiles) character file.

Game seed: 6681966831373530051

324 MrTaco21 the Cudgeller (level 6, 0/37 HPs)
             Began as a Gargoyle Fighter on Feb 17, 2021.
             Slain by Natasha (3 damage)
             ... on level 4 of the Dungeon.
             The game lasted 00:05:10 (4095 turns).

MrTaco21 the Cudgeller (Gargoyle Fighter)           Turns: 4095, Time: 00:05:10

Health: 0/37       AC: 11    Str: 21    XL:     6   Next: 48%
Magic:  6/6        EV:  7    Int:  9    God:
Gold:   176        SH:  9    Dex:  9    Spells: 5/5 levels left

rFire    . . .     SeeInvis .   a - +0 flail
rCold    . . .     Faith    .   c - +0 kite shield
rNeg     + . .     Spirit   .   b - +0 scale mail
rPois    ∞         Reflect  .   (no helmet)
rElec    +         Harm     .   (no cloak)
rCorr    .         Rampage  .   (no gloves)
Will     .....                  (no boots)
Stlth    ..........             (no amulet)
HPRegen  0.12/turn              (no ring)
MPRegen  0.10/turn              (no ring)

@: slowed, very slow
A: negative energy resistance 1, electricity resistance, unbreathing,
petrification resistance, miasma immunity, AC +4
a: no special abilities


You were on level 4 of the Dungeon.
You visited 1 branch of the dungeon, and saw 4 of its levels.

You collected 176 gold pieces.

Inventory:

Hand Weapons
 a - a +0 flail (weapon)
Missiles
 f - 28 poisoned darts (quivered)
Armour
 b - a +0 scale mail (worn)
 c - a +0 kite shield (worn)
Scrolls
 h - a scroll of noise {unknown}
 i - a scroll of identify {unknown}
 j - 3 scrolls of amnesia {unknown}
 m - 2 scrolls of enchant weapon {unknown}
 r - a scroll of enchant armour {unknown}
 t - a scroll of immolation {unknown}
 u - a scroll of teleportation {unknown}
Potions
 d - a potion of might
 e - 3 potions of degeneration {unknown}
 g - 3 potions of heal wounds {unknown}
 k - 4 potions of curing {unknown}
 l - 3 potions of brilliance {unknown}
 n - a potion of mutation {unknown}
 o - a potion of flight {unknown}
 p - a potion of magic {unknown}
 q - a potion of cancellation {unknown}
 s - 2 potions of haste {unknown}
 v - 2 potions of berserk rage {unknown}


   Skills:
 - Level 3.2 Fighting
 + Level 6.7 Maces & Flails
 - Level 3.2 Armour
 - Level 3.2 Shields


You had 5 spell levels left.
You didn't know any spells.
Your spell library was empty.

Dungeon Overview and Level Annotations

Branches:
Dungeon (4/15)
 Temple: D:4-7

Altars:
Nemelex Xobeh
Xom

Annotations:
D:4 Natasha


Innate Abilities, Weirdness & Mutations

You are resistant to torment.
Your stone body is resilient. (AC +4)
You are immune to poison.
You resist negative energy. (rN+)
You are resistant to electric shocks. (rElec)
You can survive without breathing.
You are immune to petrification.
You are immune to miasma.


Message History

You sock Natasha! You block Natasha's attack. Natasha casts a spell at you.
You feel yourself slow down.
You barely miss Natasha. Natasha claws you but does no damage.
Natasha claws you.
* * * LOW HITPOINT WARNING * * *
You closely miss Natasha. You block Natasha's attack.
Natasha claws you but does no damage.
Unknown command.
You sock Natasha!
You kill Natasha!
Natasha screams in fury as she dies!
Unknown command.
Unknown command.
You start resting.
Natasha, Servant of Life and Death comes into view.
Natasha casts a spell at you. The magic dart hits you.
* * * LOW HITPOINT WARNING * * *
Unknown command.
Unknown command.
Natasha mumbles some strange words.
Natasha casts a spell at you.
You feel as though you will be slow longer.
Something shouts, "Scamper hence, thou baffled crook-pated nothing!"
Natasha casts a spell at you. You resist with some effort.
Natasha claws you but does no damage. Natasha claws you.
* * * LOW HITPOINT WARNING * * *
You closely miss Natasha. Natasha claws you.
* * * LOW HITPOINT WARNING * * *
Natasha mumbles some strange words.
You hit Natasha but do no damage. You block Natasha's attack.
Natasha claws you.
* * * LOW HITPOINT WARNING * * *
You barely miss Natasha. You block Natasha's attack. Natasha barely misses you.
Unknown command.
You barely miss Natasha. Natasha closely misses you. Natasha claws you.
* * * LOW HITPOINT WARNING * * *
You barely miss Natasha. You block Natasha's attack.
Natasha claws you but does no damage.
Unknown command.
You hit Natasha.
Natasha howls an incantation.
You feel troubled. You block Natasha's attack.
Unknown command.
You closely miss Natasha. Natasha claws you but does no damage.
Natasha claws you.
You die...

..####### #..# #.##.#
.......####..# #.##.# .
............##########.##.#
...###...##......).......##.#
................##########
##.###./.##.###.# . ###.###.#
#.# #.##...###.# #.#
###.#.....##.###@#
(.............##h# ####
#...............5# #...
#.#......#....#### #...
.............## # #..#
..##...###..## ...###..#
##.## #..# #......>
#.........# #####..#
#.####..#.# #>.#


You could see an iron imp (summoned) and Natasha.

Vanquished Creatures
  A phantom (D:4)
  An orc priest (D:2)
  Natasha (D:4)
  2 orc wizards
  5 adders
  3 worms
  2 dart slugs (D:1)
  2 leopard geckos (D:1)
  15 orcs
  5 giant cockroaches
  7 goblins
  4 hobgoblins
  3 quokkas
  6 bats
  7 frilled lizards
  8 kobolds
  8 rats
80 creatures vanquished.

Notes
Turn   | Place    | Note
-------+----------+-------------------------------------------
     0 | D:1      | MrTaco21 the Gargoyle Fighter began the quest for the Orb.
     0 | D:1      | Reached XP level 1. HP: 14/14 MP: 1/1
    96 | D:1      | Reached XP level 2. HP: 17/19 MP: 2/2
   186 | D:1      | Reached skill level 3 in Maces & Flails
   407 | D:1      | Reached XP level 3. HP: 23/23 MP: 3/3
   871 | D:2      | Reached skill level 4 in Maces & Flails
   891 | D:2      | Reached XP level 4. HP: 28/28 MP: 4/4
  1264 | D:2      | You fall into a shaft and drop 1 floor!
  1577 | D:2      | Found a sparkling altar of Nemelex Xobeh.
  1979 | D:2      | Reached skill level 5 in Maces & Flails
  1979 | D:2      | Reached XP level 5. HP: 15/32 MP: 5/5
  2314 | D:3      | Found a shimmering altar of Xom.
  3781 | D:4      | Reached skill level 6 in Maces & Flails
  3809 | D:4      | Noticed a phantom
  4011 | D:4      | Reached XP level 6. HP: 37/37 MP: 6/6
  4061 | D:4      | Noticed Natasha
  4075 | D:4      | Killed Natasha
  4079 | D:4      | Noticed Natasha
  4095 | D:4      | Slain by Natasha

Illustrated notes

Levels and vault maps discovered:
D:1:      evilmike_arrival_fibonacci_small, layout_basic, st_stairs_1
D:2:      layout_basic, nicolae_overflow_crystal_walls
D:3:      layout_basic, xom_teletrap_fun
D:4:      layout_loops_ring, minitemple, uniq_natasha

Skill      XL: |  1  2  3  4  5 |
---------------+----------------+-----
Maces & Flails | 3 4 5 6 |  6.7
Fighting       | |  3.2
Armour         | |  3.2
Shields        | |  3.2

Action                   |  1- 3 |  4- 6 || total
-------------------------+-------+-------++-------
Melee: Flail             |   126 |   223 ||   349
Armor: Scale mail        |    93 |   175 ||   268
Dodge: Dodged            |    52 |    82 ||   134
Block: Kite shield       |    78 |   140 ||   218

Table legend: (Time is in decaauts)
 A = Elapsed time spent in this place.
 B = Non-inter-level travel time spent in this place.
 C = Inter-level travel time spent in this place.
 D = Time resting spent in this place.
 E = Time spent auto-exploring this place.
 F = Levels seen in this place.
 G = Mean time per level.
                   A        B        C        D        E       F      G
               +--------+--------+--------+--------+--------+-----+--------+
         Total |   4260 |   3999 |    261 |   1012 |   2103 |   4 | 1065.0 |
       Dungeon |   4260 |   3999 |    261 |   1012 |   2103 |   4 | 1065.0 |
               +--------+--------+--------+--------+--------+-----+--------+

Top non-repeatable levels by time:
     D:2: 1702 daAuts
     D:3: 1215 daAuts
     D:1: 930 daAuts
     D:4: 412 daAuts
